 Dungeon Crawl Stone Soup version 0.30-a0-847-g17996783a1 (webtiles) character file.

Game seed: 16397663837127830395

40836 jasper the Fighter (level 13, -4/110 (115) HPs)
             Began as a Demonspawn Fighter on Mar 3, 2023.
             Was a High Priest of Ashenzari.
             Killed from afar by an orc sorcerer (29 damage)
             ... with a bolt of negative energy
             ... on level 2 of the Orcish Mines.
             The game lasted 00:32:36 (17268 turns).

jasper the Fighter (Demonspawn Fighter)            Turns: 17268, Time: 00:32:37

HP:   -4/110 (115)  AC: 33    Str: 24    XL:     13   Next: 76%
MP:   4/4           EV: 17    Int: 14    God:    Ashenzari [*****.]
Gold: 1781          SH:  7    Dex: 13    Spells: 2/12 levels left

rFire   + . .      SeeInvis +    W - +5 broad axe of the Revealing Planets {antimagic, rElec rPois rCorr Int+4, Cun, Melee} (curse)
rCold   + + .      Faith    .    c - +1 buckler "Cursed Entitlement" {Comp, Melee} (curse)
rNeg    . . .      Spirit   .    u - +6 chain mail "Behold Eternity" {rF+ rC++, Cun, Fort} (curse)
rPois   +          Reflect  .    p - +0 helmet of Ashenzari's Secrets {Melee, Range} (curse)
rElec   +          Rampage  .    B - +2 cloak "Negligence of Ashenzari" {rCorr, Comp, Melee} (curse)
rCorr   +          Clarity  +    A - +2 pair of gloves "Overhang to Understand" {Str+3, Cun, Self} (curse)
Will    +....                    C - +0 pair of boots "Ensconced Ordeal" {Melee, Alch} (curse) Stlth
                                 N - amulet of the acrobat
HPRegen 0.38/turn                i - ring of the Shackled Secrets {EV+5, Cun, Evo} (curse)
MPRegen 0.09/turn                M - ring "Doubts of Ashenzari" {Will+, Fort, Comp} (curse)

@: lightly drained
A: icy blue scales 2, demonic guardian 2, demonic magic 1, weakness stinger 2
a: Renounce Religion, Shatter the Chains


You were on level 2 of the Orcish Mines.
You worshipped Ashenzari.
Ashenzari was extremely pleased with you.
You visited 4 branches of the dungeon, and saw 19 of its levels.
You also visited: Bailey.

You collected 2551 gold pieces.
You spent 770 gold pieces at shops.

Inventory:

Hand Weapons
 o - the +6 mace "Taarr" {spect, rF- Will+ Dex+3}
   (You found it on level 2 of the Dungeon)

   Dex:       It affects your dexterity (+3).
   rF:        It makes you vulnerable to fire.
   Will:      It increases your willpower.
 y - a +1 heavy broad axe
 W - the cursed +5 broad axe of the Revealing Planets (weapon) {antimagic, rElec rPois rCorr Int+4, Cun, Melee}
   (You acquired it on level 4 of the Lair of Beasts)

   Int:       It affects your intelligence (+4).
   rElec:     It insulates you from electricity.
   rPois:     It protects you from poison.
   rCorr:     It protects you from acid and corrosion.
   It has a curse which improves the following skills: Cunning: Dodging and
   Stealth.
   Melee Combat: Short Blades, Long Blades, Axes, Maces & Flails, Polearms,
   Staves and Unarmed Combat.
Missiles
 e - 2 atropa-tipped darts
 f - a throwing net
 r - 80 stones
 H - 23 poisoned darts (quivered)
 S - 5 silver javelins
Armour
 b - a +0 scale mail
 c - the cursed +1 buckler "Cursed Entitlement" (worn) {Comp, Melee}

   It has a curse which improves the following skills: Companions: Summonings
   and Necromancy.
   Melee Combat: Short Blades, Long Blades, Axes, Maces & Flails, Polearms,
   Staves and Unarmed Combat.
 p - the cursed +0 helmet of Ashenzari's Secrets (worn) {Melee, Range}
   (You found it on level 6 of the Dungeon)

   It has a curse which improves the following skills: Melee Combat: Short
   Blades, Long Blades, Axes, Maces & Flails, Polearms, Staves and Unarmed
   Combat.
   Ranged Combat: Ranged Weapons and Throwing.
 u - the cursed +6 chain mail "Behold Eternity" (worn) {rF+ rC++, Cun, Fort}
   (You bought it in a shop on level 5 of the Dungeon)

   rF:        It protects you from fire.
   rC:        It greatly protects you from cold.
   It has a curse which improves the following skills: Cunning: Dodging and
   Stealth.
   Fortitude: Armour and Shields.
 A - the cursed +2 pair of gloves "Overhang to Understand" (worn) {Str+3, Cun, Self}
   (You bought it in a shop on level 5 of the Dungeon)

   It has a curse which improves the following skills: Cunning: Dodging and
   Stealth.
   Introspection: Fighting and Spellcasting.
 B - the cursed +2 cloak "Negligence of Ashenzari" (worn) {rCorr, Comp, Melee}
   (You bought it in a shop on level 6 of the Dungeon)

   It has a curse which improves the following skills: Companions: Summonings
   and Necromancy.
   Melee Combat: Short Blades, Long Blades, Axes, Maces & Flails, Polearms,
   Staves and Unarmed Combat.
 C - the cursed +0 pair of boots "Ensconced Ordeal" (worn) {Melee, Alch}
   (You bought it in a shop on level 6 of the Dungeon)

   It has a curse which improves the following skills: Melee Combat: Short
   Blades, Long Blades, Axes, Maces & Flails, Polearms, Staves and Unarmed
   Combat.
   Alchemy:   Poison Magic and Transmutations.
Jewellery
 i - the cursed ring of the Shackled Secrets (left hand) {EV+5, Cun, Evo}
   (You found it on level 11 of the Dungeon)

   [ring of evasion]

   EV:        It affects your evasion (+5).
   It has a curse which improves the following skills: Cunning: Dodging and
   Stealth.
   Evocations: Evocations.
 L - a +6 ring of dexterity
 M - the cursed ring "Doubts of Ashenzari" (right hand) {Will+, Fort, Comp}
   (You found it on level 9 of the Dungeon)

   [ring of willpower]

   Will:      It increases your willpower.
   It has a curse which improves the following skills: Fortitude: Armour and
   Shields.
   Companions: Summonings and Necromancy.
 N - an amulet of the acrobat (around neck)
 O - a +6 ring of intelligence
 U - a ring of protection from cold
Wands
 l - a wand of flame (41)
 v - a wand of digging (4)
 J - a wand of polymorph (5)
 R - a wand of mindburst (5)
 X - a wand of light (1)
Scrolls
 a - 2 scrolls of blinking
 d - a scroll of vulnerability
 j - 4 scrolls of immolation
 n - 4 scrolls of teleportation
 s - 2 scrolls of enchant armour
 z - 2 scrolls of enchant weapon
 D - 2 scrolls of fear
 I - a scroll of magic mapping
 K - a scroll of silence
 Q - 3 scrolls of poison
Potions
 g - 2 potions of flight
 h - 3 potions of invisibility
 k - 2 potions of resistance
 m - 5 potions of brilliance
 q - a potion of curing
 t - 5 potions of cancellation
 w - 5 potions of haste
 x - 8 potions of magic
 F - 3 potions of mutation
 G - 3 potions of might
 P - a potion of berserk rage
Miscellaneous
 T - a condenser vane (inert)


   Skills:
 + Level 12.7(15.0) Fighting
 - Level 11.7(18.1) Axes
 + Level 11.7(15.1) Armour
 + Level 4.1(9.0) Dodging
 + Level 5.9(9.3) Shields
 + Level 8.6(11.0) Evocations


You had 2 spell levels left.
You knew the following spells:

 Your Spells              Type           Power      Damage    Failure   Level
a - Apportation           Tloc           0%         N/A       83%         1
b - Blink                 Tloc           0%         N/A       92%         2
c - Mephitic Cloud        Conj/Pois/Air  0%         N/A       99%         3
d - Manifold Assault      Tloc           0%         N/A       100%        4

Your spell library contained the following spells:

 Spells                   Type           Power      Damage    Failure   Level
 Necrotise                Necr           4%         1d4       75%         1
 Summon Small Mammal      Summ           8%         N/A       75%         1
 Cigotuvi's Dreadful Rot  Necr/Pois/Air  2%         N/A       89%         2
 Poisonous Vapours        Pois/Air       0%         N/A       91%         2
 Ensorcelled Hibernation  Hex/Ice        0%         N/A       92%         2
 Static Discharge         Conj/Air       0%         2-2/arc   92%         2
 Spider Form              Tmut/Pois      1%         N/A       98%         3
 Vampiric Draining        Necr           1%         2d6       98%         3
 Inner Flame              Hex/Fire       0%         N/A       99%         3
 Vhi's Electric Charge    Tloc/Air       0%         N/A       99%         3
 Anguish                  Hex/Necr       0%         N/A       100%        4
 Flame Wave               Conj/Fire      0%         2d4       100%        4
 Leda's Liquefaction      Hex/Erth       0%         N/A       100%        4
 Sticky Flame             Conj/Fire      0%         2d3       100%        4
 Agony                    Necr           1%         N/A       100%        5
 Arcjolt                  Conj/Air       0%         1d10      100%        5
 Lee's Rapid Deconstruct  Erth           0%         3d4*      100%        5
 Lightning Bolt           Conj/Air       0%         1d11      100%        5
 Statue Form              Tmut/Erth      0%         N/A       100%        6
 Storm Form               Tmut/Air       0%         N/A       100%        7
 Maxwell's Capacitive Co  Air            0%         ∞         100%        8


Dungeon Overview and Level Annotations

Branches:
Dungeon (11/15)            Temple (1/1) D:6            Lair (5/5) D:11
  Swamp (0/4) Lair:2       Spider (0/4) Lair:3        Slime (0/5) Lair:4
    Orc (2/2) D:10            Elf (0/3) Orc:2        Bailey (visited)

Altars:
Ashenzari
Cheibriados
Dithmenos
Fedhas
Gozag
Hepliaklqana
Kikubaaqudgha
Makhleb
Nemelex Xobeh
Okawaru
Qazlal
Ru
Sif Muna
Trog
Uskayaw
Vehumet
Wu Jian
Xom
Yredelemnul
Jiyva

Shops:
D:5 [   D:6 *   Orc:2 *

Portals:
Abyss: Orc:1

Annotations:
D:7 Joseph
Orc:1 2 transporters, Palms's ghost, journeyman DrVM


Innate Abilities, Weirdness & Mutations

You are mostly covered in icy blue scales. (AC +3)
A demonic guardian rushes to your aid.
Spells you cast may paralyse adjacent enemies.
You have a tail ending in a sharp stinger.


Message History

The orc knight hits you with a +0 broad axe!!
* * * LOW HITPOINT WARNING * * *
You take 18 damage, and have 20/115 hp.
The orc knight attacks as you move away!
The orc knight misses you.
The orc knight attacks as you move away!
The orc knight completely misses you.
The orc knight attacks as you move away!
You block the orc knight's attack.
An orc sorcerer comes into view. It is wielding a +0 dagger.
The orc knight no longer looks unusually strong.
As you read the scroll of fear, it crumbles to dust.
You assume a fearsome visage.
The orc wizard looks frightened!
The orc sorcerer resists with some effort.
The orc knight looks frightened!
The orc warrior looks frightened!
The orc wizard looks frightened!
The orc wizard casts a spell.
The orc wizard flickers and vanishes for a moment.
The orc sorcerer completely misses you.
You barely miss the orc sorcerer. The orc sorcerer barely misses you.
You slice the orc sorcerer!!
The orc sorcerer's magic leaks into the air.
The orc sorcerer is severely wounded.
You closely miss the orc sorcerer. You tail-slap the orc sorcerer.
The orc sorcerer is severely wounded.
The orc wizard no longer looks unusually strong.
The orc sorcerer's magic is no longer disrupted.
The orc sorcerer hits you but does no damage.
You closely miss the orc sorcerer.
Your tail-slap misses the orc sorcerer.
The orc sorcerer is severely wounded.
An orc warrior comes into view. It is wielding a +0 scimitar.
The orc sorcerer casts a spell at you. The bolt of fire misses you.
You completely miss the orc sorcerer.
The orc sorcerer is severely wounded.
The orc warrior shouts!
An orc warrior comes into view. It is wielding a +0 short sword.
The orc sorcerer gestures at you while chanting.
The bolt of negative energy hits you!!
You feel drained.
You die...

# * {{, * ,
#..## # *, ,,,,
,.* #...# # ∩
*,** ,,*
.###..## # ,
,{** *..##...#
# , * *#.##..##
# *, ,{,
,,*#.##...# #
,,,{ , ,,
#.###..## #
,*,,
..#####.##....#
# ,, ,,
..o....o@....##
# , ,
.o#####.##...#
# , ,,, , ,
#.###.## # , ,
{, #o# ### #*
,, *{{{##.#
#**.,# ,##,,
#..# * * ** #
*∩.#.##. ##.##
** * ,* ** #
*#....o. ##..#
** * ,, , , #
#...o)##{.## *,
,* ,**,, *


You could see an orc sorcerer, 2 orc warriors and an orc wizard (invisible).

Vanquished Creatures
  Snorg (Orc:1)
  A hydra (Lair:2)
  Harold (D:10)
  A catoblepas (Lair:5)
  3 boulder beetles
  A two-headed ogre (D:11)
  4 death yaks
  2 orc high priests (Orc:2)
  Urug (Lair:1)
  Nergalle (D:10)
  6 orc knights
  5 orc sorcerers
  4 black mambas
  10 elephants
  A gargoyle (D:10)
  A rime drake (Lair:5)
  2 unseen horrors
  4 cane toads
  7 komodo dragons
  3 trolls
  A polar bear (Lair:4)
  A hornet (D:10)
  17 blink frogs
  3 wyverns
  A shadow (D:10)
  21 yaks
  2 basilisks
  A wraith (D:11)
  2 redbacks (Lair:3)
  A steam dragon (D:8)
  5 wargs
  An acid dragon (D:10)
  9 water moccasins
  A swamp drake (D:10)
  12 orc warriors
  An ice beast (D:6)
  A black bear (D:8)
  5 ogres
  11 wolves
  3 centaurs (D:11)
  3 kobold brigands
  6 bullfrogs
  2 gnoll sergeants
  4 scorpions
  8 killer bees
  An electric eel (D:8)
  7 howler monkeys
  21 orc priests
  3 hounds
  A jelly (D:8)
  7 iguanas
  Jessica (D:2)
  6 hell rats (Lair:5)
  12 orc wizards
  A sleepcap (D:4)
  26 gnolls
  7 adders
  A shadow imp (D:7)
  2 white imps (D:6)
  3 worms
  A dart slug (D:1)
  70 orcs
  2 endoplasms
  4 giant cockroaches
  16 goblins
  7 hobgoblins
  11 jackals
  21 kobolds
  9 quokkas
  10 ball pythons
  5 bats
  6 rats
442 creatures vanquished.

Vanquished Creatures (collateral kills)
  A pharaoh ant (Lair:3)
  A komodo dragon (Lair:2)
  A jumping spider (Lair:3)
  2 yaks
  A warg (Orc:1)
  An orc warrior (D:10)
  A gnoll bouda (D:6)
  A hell rat (Lair:5)
  An orc (D:10)
10 creatures vanquished.

Vanquished Creatures (others)
  2 orc wizards (D:7)
  16 fungi
  27 plants
45 creatures vanquished.

Grand Total: 497 creatures vanquished

Notes
Turn   | Place    | Note
-------+----------+-------------------------------------------
     0 | D:1      | jasper the Demonspawn Fighter began the quest for the Orb.
     0 | D:1      | Reached XP level 1. HP: 18/18 MP: 1/1
   130 | D:1      | Gained mutation: Spells you cast may paralyse adjacent
                  | enemies. [demonic ancestry]
   130 | D:1      | Reached XP level 2. HP: 24/24 MP: 2/2
   288 | D:1      | Reached XP level 3. HP: 3/29 MP: 3/3
   753 | D:2      | Noticed Jessica
   760 | D:2      | Killed Jessica
   830 | D:2      | Gained mutation: You have a small tail. [demonic ancestry]
   830 | D:2      | Reached XP level 4. HP: 35/35 MP: 4/4
   836 | D:2      | Found a burning altar of Makhleb.
   851 | D:2      | Identified the +6 mace "Taarr" {spect, rF- Will+ Dex+3}
  1810 | D:3      | Gained mutation: You are partially covered in icy blue
                  | scales. (AC +2) [demonic ancestry]
  1810 | D:3      | Reached XP level 5. HP: 41/41 MP: 5/5
  2498 | D:4      | Noticed an ogre
  2500 | D:4      | Killed an ogre
  2501 | D:4      | Reached skill level 4 in Fighting
  2501 | D:4      | Gained mutation: You are mostly covered in icy blue scales.
                  | (AC +3) [demonic ancestry]
  2501 | D:4      | Reached XP level 6. HP: 48/48 MP: 6/6
  2505 | D:4      | Found a stormy altar of Qazlal.
  2506 | D:4      | Found a snail-covered altar of Cheibriados.
  2511 | D:4      | Found an ornate altar of the Wu Jian Council.
  2511 | D:4      | Found a shadowy altar of Dithmenos.
  2768 | D:5      | Entered Level 5 of the Dungeon
  2805 | D:5      | Found a blossoming altar of Fedhas.
  2806 | D:5      | Found a broken altar of Ashenzari.
  2807 | D:5      | Found a bloodstained altar of Trog.
  3168 | D:5      | Gained mutation: A weak demonic guardian rushes to your
                  | aid. [demonic ancestry]
  3168 | D:5      | Reached XP level 7. HP: 55/55 MP: 7/7
  3386 | D:5      | Became a worshipper of Ashenzari the Shackled
  3518 | D:5      | Got the Essays on Astrapomancy
  3533 | D:5      | Reached skill level 5 in Axes
  3640 | D:5      | Found Poev Muo's Antique Armour Boutique.
  3779 | D:5      | Bought a heavily runed chain mail for 228 gold pieces
  3779 | D:5      | Identified the +6 chain mail "Vene" {rF+ rC++} (You bought
                  | it in a shop on level 5 of the Dungeon)
  3989 | D:6      | Found a staircase to the Ecumenical Temple.
  4028 | D:6      | Reached skill level 5 in Fighting
  4212 | D:6      | Reached XP level 8. HP: 41/62 MP: 8/8
  4249 | D:6      | Reached skill level 5 in Armour
  4410 | D:6      | Noticed a boulder beetle
  4466 | D:6      | Killed a boulder beetle
  4467 | D:6      | Reached skill level 6 in Fighting
  4883 | D:6      | Found Jaco's General Store.
  4915 | D:6      | Bought a scroll of teleportation for 33 gold pieces
  5054 | D:6      | Reached XP level 9. HP: 71/71 MP: 9/9
  5186 | D:6      | Identified a scroll of acquirement
  5186 | D:6      | Acquired 794 gold pieces
  5335 | D:5      | Bought a pair of embroidered gloves for 180 gold pieces
  5468 | D:6      | Bought a +2 cloak of preservation for 236 gold pieces
  5473 | D:6      | Bought a +0 pair of boots for 49 gold pieces
  5478 | D:6      | Bought a scroll of fear for 44 gold pieces
  5541 | D:7      | Noticed Joseph
  5731 | D:7      | Reached * piety under Ashenzari
  5875 | D:8      | Found a flagged portal.
  5885 | Bailey   | Entered a bailey
  6188 | Bailey   | Noticed an orc knight
  6201 | Bailey   | Killed an orc knight
  6202 | Bailey   | Reached skill level 7 in Fighting
  6900 | D:8      | Reached ** piety under Ashenzari
  7298 | D:9      | Noticed an unseen horror
  7309 | D:9      | Killed an unseen horror
  7341 | D:9      | Reached XP level 10. HP: 80/80 MP: 10/10
  7693 | D:9      | Found a sacrificial altar of Ru.
  7871 | D:10     | Entered Level 10 of the Dungeon
  7878 | D:10     | Reached skill level 8 in Fighting
  7908 | D:10     | Reached skill level 10 in Axes
  8359 | D:10     | Reached *** piety under Ashenzari
  8722 | D:10     | Noticed Nergalle
  8736 | D:10     | Killed Nergalle
  8928 | D:10     | Noticed a gargoyle
  8929 | D:10     | Found a staircase to the Orcish Mines.
  8934 | D:10     | Killed a gargoyle
  9022 | D:11     | Noticed Harold
  9048 | D:10     | Killed Harold
  9139 | D:11     | Noticed a boulder beetle
  9149 | D:11     | Noticed a two-headed ogre
  9156 | D:11     | Gained mutation: You have a tail ending in a sharp stinger.
                  | [demonic ancestry]
  9156 | D:11     | Reached XP level 11. HP: 65/92 MP: 11/11
  9160 | D:11     | Reached skill level 9 in Fighting
  9169 | D:11     | Killed a two-headed ogre
  9218 | D:11     | Killed a boulder beetle
  9632 | D:11     | Found a staircase to the Lair.
  9683 | D:11     | Found a shimmering blue altar of Sif Muna.
  9852 | D:11     | Reached **** piety under Ashenzari
 10144 | D:11     | Reached skill level 1 in Evocations
 10801 | D:4      | Found a radiant altar of Vehumet.
 11153 | Temple   | Entered the Ecumenical Temple
 11464 | Lair:1   | Entered Level 1 of the Lair of Beasts
 11488 | D:11     | Reached skill level 10 in Fighting
 11894 | Lair:1   | Noticed Urug
 11916 | Lair:1   | Killed Urug
 12093 | Lair:1   | Reached XP level 12. HP: 101/103 MP: 12/12
 12519 | Lair:2   | Noticed an eight-headed hydra
 12524 | Lair:2   | Killed an eight-headed hydra
 12566 | Lair:2   | Reached ***** piety under Ashenzari
 12811 | Lair:2   | Reached skill level 5 in Evocations
 12856 | Lair:2   | Reached skill level 10 in Armour
 13159 | Lair:2   | Found a radiant altar of Vehumet.
 13205 | Lair:2   | Identified the +1 ring mail of Plasticity {+Blink rCorr
                  | Str-4}
 13261 | Lair:2   | Reached skill level 11 in Fighting
 13273 | Lair:2   | Learned a level 1 spell: Apportation
 13276 | Lair:2   | Learned a level 2 spell: Blink
 13280 | Lair:2   | Learned a level 3 spell: Mephitic Cloud
 13285 | Lair:2   | Learned a level 4 spell: Manifold Assault
 13412 | Lair:2   | Noticed a six-headed hydra
 13559 | Lair:3   | Found a hole to the Spider Nest.
 13790 | Lair:3   | Noticed a death yak
 13836 | Lair:3   | Killed a death yak
 14034 | Lair:3   | Noticed a death yak
 14034 | Lair:3   | Noticed a death yak
 14498 | Lair:4   | Acquired the +5 broad axe "Ucutz" {antimagic, rElec rPois
                  | rCorr Int+4}
 14527 | Lair:4   | Found a staircase to the Slime Pits.
 14542 | Lair:4   | Found a viscous altar of Jiyva.
 14825 | Lair:4   | Reached skill level 12 in Fighting
 14840 | Lair:4   | Reached skill level 1 in Dodging
 15009 | Lair:4   | Gained mutation: A demonic guardian rushes to your aid.
                  | [demonic ancestry]
 15009 | Lair:4   | Reached XP level 13. HP: 94/113 MP: 4/13
 15075 | Lair:4   | Identified the +1 rapier of Impermanence {freeze, rPois
                  | Str-5 Dex+7}
 15437 | Lair:5   | Entered Level 5 of the Lair of Beasts
 15757 | Lair:5   | Reached skill level 5 in Shields
 15943 | Orc:1    | Entered Level 1 of the Orcish Mines
 15992 | Orc:1    | Found a transporter.
 15993 | Orc:1    | Identified the +12 hand axe "Kilocw" {flame, *Slow Str+5
                  | Dex+3}
 16009 | Orc:1    | Found a one-way gate to the infinite horrors of the Abyss.
 16009 | Orc:1    | Noticed Palms's ghost (journeyman DrVM)
 16186 | Orc:1    | Found a transporter.
 16186 | Orc:1    | Noticed an orc warlord
 16396 | Orc:2    | Entered Level 2 of the Orcish Mines
 16472 | Orc:2    | Noticed Snorg
 16496 | Orc:1    | Killed Snorg
 16828 | Orc:2    | Found a staircase to the Elven Halls.
 17198 | Orc:2    | Found Zijiofae's Assorted Antiques.
 17268 | Orc:2    | Killed from afar by an orc sorcerer

Illustrated notes

Levels and vault maps discovered:
D:1:      lightli_iron_boxes, layout_rooms
D:2:      minmay_thinvault, layout_rooms, basic_altar, uniq_jessica
D:3:      layout_basic, serial_rivers, chequers_serial_rivers_micro_e,
          chequers_serial_rivers_marsh, chequers_serial_rivers_micro_e,
          chequers_serial_rivers_small_3
D:4:      layout_loops_ring, mainiacjoe_overflow_alcove_3,
          mainiacjoe_overflow_brackets, chequers_garden
D:5:      layout_loops_ring, chequers_temple_overflow_statue_of_worship,
          lemuel_crystal_altar, nicolae_inconvenience_store,
          hangedman_abyss_or_decor_slice, grunt_ministairs_1
D:6:      layout_basic, minmay_temple_entry_wispy, serial_shops,
          nicolae_shop_stone
D:7:      layout_rooms, chequers_serial_rivers_small_3,
          minmay_chambers_of_fives, uniq_joseph, uniq_duvessa
D:8:      layout_cave_pools, enter_bailey_5, moated_statue, serial_bayou_pond_c
D:9:      layout_rooms, nicolae_overflow_crystal_walls
D:10:     layout_irregular_city, erik_orc_1, uniq_nergalle
D:11:     layout_loops_ring, erik_lair_orcish_takeover, st_stairs_14,
          solitary_fountain, amcnicky_mini_rare_corridor_liquid,
          lemuel_blue_sif_altar, uniq_harold
Temple:   hc_temple_tempest_star
Lair:1:   layout_roguey, uniq_urug
Lair:2:   layout_long_grid, palyth_hydra_swamp_entry, basic_altar,
          beast_lair_carwin_1
Lair:3:   layout_long_grid, nicolae_spider_entry_lesser_pyramids
Lair:4:   layout_regular_city, slime_entry_1, lemuel_fruit_fields
Lair:5:   hangedman_lair_in_review, layout_hall_layers, serial_bayou_pond_d,
          nicolae_lair_yak_garden
Orc:1:    layout_caves, gammafunk_ghost_abyssal_escape
Orc:2:    st_orc_elflike, layout_caves, nicolae_orc_sculptors_studio, uniq_snorg

Skill      XL: |  1  2  3  4  5  6  7  8  9 10 11 12 13 |
---------------+----------------------------------------+-----
Shields        | 3 4 5 |  5.9
Axes           | 2 3 4 5 7 9 11 | 11.7
Armour         | 3 4 5 6 8 9 11 | 11.7
Fighting       | 4 5 6 7 8 10 12 | 12.7
Evocations     | 4 7 8 |  8.6
Dodging        | 1 4 |  4.1

Action                     |  1- 3 |  4- 6 |  7- 9 | 10-12 | 13-15 || total
---------------------------+-------+-------+-------+-------+-------++-------
  Melee: War axe           |    65 |   149 |   348 |   607 |       ||  1169
         Tailslap          |       |    15 |    55 |   127 |    35 ||   232
         Broad axe         |       |       |       |    40 |   217 ||   257
  Throw: Dart              |       |       |     2 |     5 |     1 ||     8
 Invoke: Curse Item        |       |       |     3 |     6 |     1 ||    10
         Shatter the Chain |       |       |       |     1 |       ||     1
  Evoke: Wand              |       |     2 |    22 |     9 |     7 ||    40
         Condenser vane    |       |       |       |     1 |     2 ||     3
    Use: Potion            |     1 |     1 |     1 |     4 |     3 ||    10
         Scroll            |       |    10 |     5 |     3 |     2 ||    20
   Stab: Invisible         |       |       |     3 |       |       ||     3
         Paralysed         |       |       |    32 |    15 |       ||    47
         Confused          |       |       |       |     2 |       ||     2
         Petrifying        |       |       |       |       |     1 ||     1
         Petrified         |       |       |       |       |     1 ||     1
 Armour: Scale mail        |    50 |    83 |    17 |       |       ||   150
         Chain mail        |       |       |   232 |   383 |    97 ||   712
  Dodge: Dodged            |    43 |    74 |   136 |   310 |   138 ||   701
  Block: Buckler           |    23 |    46 |   119 |   224 |    69 ||   481

Table legend: (Time is in decaauts)
 A = Elapsed time spent in this place.
 B = Non-inter-level travel time spent in this place.
 C = Inter-level travel time spent in this place.
 D = Time resting spent in this place.
 E = Time spent auto-exploring this place.
 F = Levels seen in this place.
 G = Mean time per level.
                   A        B        C        D        E       F      G
               +--------+--------+--------+--------+--------+-----+--------+
         Total |  17284 |  15801 |   1483 |   1384 |  10879 |  20 |  864.2 |
       Dungeon |  11191 |   9961 |   1230 |    934 |   6750 |  11 | 1017.4 |
        Temple |    198 |    184 |     14 |      0 |    176 |   1 |  198.0 |
          Lair |   3973 |   3822 |    151 |    100 |   2912 |   5 |  794.6 |
  Orcish Mines |   1291 |   1205 |     86 |    149 |    769 |   2 |  645.5 |
        Bailey |    628 |    628 |      0 |    201 |    272 |   1 |  628.0 |
               +--------+--------+--------+--------+--------+-----+--------+

Top non-repeatable levels by time:
     D:6: 1735 daAuts
    D:11: 1659 daAuts
  Lair:4: 1345 daAuts
     D:5: 1337 daAuts
    D:10: 1280 daAuts
  Lair:2: 983 daAuts
     D:2: 981 daAuts
     D:3: 914 daAuts
     D:4: 836 daAuts
   Orc:1: 825 daAuts
     D:8: 806 daAuts
     D:1: 755 daAuts
  Lair:1: 700 daAuts
     D:9: 649 daAuts
  Bailey: 628 daAuts
